 Dungeon Crawl Stone Soup version 0.17.1-1-g73c8601 (webtiles) character file.

70 Dickchan the Ruffian (level 4, 13/45 HPs)
             Began as a Troll Monk on Dec 15, 2015.
             Quit the game on level 3 of the Dungeon.
             The game lasted 00:02:10 (1200 turns).

Dickchan the Ruffian (Troll Monk)                   Turns: 1200, Time: 00:02:10

Health: 13/45      AC:  5    Str: 20    XL:     4   Next: 4%
Magic:  3/3        EV: 10    Int:  6    God:
Gold:   141        SH:  0    Dex: 12    Spells: 0 memorised, 3 levels left

rFire  . . .     SeeInvis .       - Unarmed
rCold  . . .     Clarity  +     a - +0 robe
rNeg   . . .     SustAt   .     (no shield)
rPois  .         Gourm    +     (helmet restricted)
rElec  .         Spirit   .     (no cloak)
rCorr  .         Warding  .     (gloves unavailable)
rMut   .         Stasis   .     (boots unavailable)
MR     .....                    (no amulet)
Stlth  +.........               (no ring)
                                (no ring)

@: very slightly contaminated, not resistant to hostile enchantments, very
unstealthy
A: unfitting armour, claws 3, clarity, fast metabolism 3, gourmand, regeneration
2, shaggy fur 1, tough skin 2, MP-powered wands
a: no special abilities


You were on level 3 of the Dungeon.
You were not hungry.

You visited 1 branch of the dungeon, and saw 3 of its levels.

You collected 141 gold pieces.

Inventory:

Armour
 a - a +0 robe (worn)
Jewellery
 e - a +3 ring of intelligence {unknown}
 t - an uncursed amulet of resist mutation {unknown}
Scrolls
 f - 2 scrolls of identify {unknown}
 h - 2 scrolls of fog {unknown}
 m - 2 scrolls of blinking {unknown}
 p - a scroll of noise {unknown}
 r - a scroll of enchant armour {unknown}
Potions
 c - 2 potions of haste {unknown}
 g - a potion of invisibility {unknown}
 i - a potion of agility {unknown}
 j - a potion of mutation {unknown}
 k - a potion of curing {unknown}
 o - a potion of flight {unknown}
 q - 2 potions of brilliance {unknown}
 s - a potion of poison {unknown}
Comestibles
 b - 6 bread rations
 d - a royal jelly
 l - a slice of pizza
 n - 2 fruits
 u - 5 chunks of flesh


   Skills:
 + Level 3.0 Fighting
 - Level 2.4 Dodging
 - Level 1.1 Stealth
 * Level 5.1 Unarmed Combat


You had 3 spell levels left.
You didn't know any spells.

Dungeon Overview and Level Annotations

Branches:
Dungeon (3/15)

Altars:
Lugonu


Innate Abilities, Weirdness & Mutations

You are too large for most types of armour.
You have claws for hands.
Your metabolism is lightning-fast.
You like to eat raw meat.
You heal very quickly.
You are covered in fur (AC +1).
You have very tough skin (AC +2).
You possess an exceptional clarity of mind.
You expend magic power (3 MP) to strengthen your wands.


Message History

You claw the gnoll!
You kill the gnoll!
You have reached level 4!
Things that are here:
a spear; a throwing net; a gnoll corpse
t - a dented malachite amulet
Things that are here:
a spear; a throwing net; a gnoll corpse
Things that are here:
a whip; a gnoll corpse You butcher the gnoll corpse.
u - 2 chunks of flesh You see here a whip.
Things that are here:
a spear; a throwing net; a gnoll corpse You butcher the gnoll corpse.
u - 5 chunks of flesh (gained 3)
Things that are here:
a spear; a throwing net Are you sure you want to abandon this character and quit the game? (Confirm with "yes".)

...#.....####......).#
#####...## #.#...#.##
##.## #.#.###.# #.#
#.#.###.# #.#
#.......# ##+##
###.##### ##...## #.#
##.....## #)##
##<......## #.@##
##.........# #...#
.'.........+.......#
##.........####...##
###.......## #..## #
##.....## #.## .
##...## #.# # ##+## #.
# #.


There were no monsters in sight!

Vanquished Creatures
  A small abomination (D:2)
  3 gnolls (D:3)
  An adder (D:2)
  A worm (D:2)
  2 giant cockroaches
  7 goblins
  2 hobgoblins
  A jackal (D:2)
  A quokka (D:3)
  5 bats
  4 giant newts
  2 kobolds (D:2)
  3 rats (D:2)
33 creatures vanquished.

Notes
Turn   | Place    | Note
--------------------------------------------------------------
     0 | D:1      | Dickchan the Troll Monk began the quest for the Orb.
     0 | D:1      | Reached XP level 1. HP: 22/22 MP: 0/0
   223 | D:1      | Reached XP level 2. HP: 27/29 MP: 1/1
   598 | D:2      | Found a faded altar to an unknown god.
   676 | D:2      | Became a worshipper of Lugonu the Unformed
   676 | D:2      | Reached * piety under Lugonu
   676 | D:2      | Reached ** piety under Lugonu
   676 | D:2      | Reached *** piety under Lugonu
   866 | D:2      | Fell from the grace of Lugonu
   918 | D:2      | Reached XP level 3. HP: 36/36 MP: 2/2
  1050 | D:2      | HP: 1/36 [small abomination[the touch of Lugonu] (10)]
  1080 | D:2      | Gained mutation: You possess an exceptional clarity of mind. [mutagenic glow]
  1090 | D:2      | Noticed a small abomination
  1105 | D:3      | Gained mutation: You expend magic power (3 MP) to strengthen your wands. [mutagenic glow]
  1182 | D:3      | Reached skill level 5 in Unarmed Combat
  1189 | D:3      | Reached XP level 4. HP: 7/45 MP: 3/3
  1200 | D:3      | Quit the game

Action                   |  1- 3 |  4- 6 || total
-------------------------+-------+-------++-------
Melee: Unarmed           |   107 |       ||   107
Invok: Renounce Religion |     1 |       ||     1
 Stab: Sleeping          |     2 |       ||     2
  Eat: Chunk             |    12 |       ||    12
